AoeStats
← Jan6thhero

Arena

507878018Analyzed
4v4 RM · 10d ago on Sep 20, 2026· 136m 53s· 8 players
Game mode
Random Map
Map size
Large (8 player)
Population
200
Speed
Normal
Resources
Standard
Victory
Conquest
Starting age
Dark Age
Ending age
Imperial Age
RankedLock teamsTeams togetherTeam positionsShared explorationLock speedFull tech treeHidden civsTurbo modeCheats
Victory
Defeat
🇨🇳 Byzantines · China
694
+14
🇪🇨 Spanish · Ecuador
673
+33
🇪🇨 Cumans · Ecuador
670
+15
🇨🇳 Britons · China
668
+15
🇨🇦 Hindustanis · Canada
708
-16
🇧🇷 Shu · Brazil
708
-17
🇺🇸 Spanish · United States
631
-14
🇨🇦 Sicilians · Canada
569
-23
TukOctane
12:13 Feudal Age
10:33 Loom
12:50 Double-Bit Axe
12:58 Gold Mining
22:39 Castle Age
22:09 Stone Mining
26:47 Horse Collar
27:09 Pikeman
30:33 Wheelbarrow
38:33 Imperial Age
36:19 Hand Cart
38:32 Masonry
38:43 Inquisition
40:50 Chemistry
42:40 Hoardings
42:21 Cavalier
42:21 Light Cavalry
43:12 Bloodlines
42:26 Elite Skirmisher
43:55 Sappers
45:29 Elite Conquistador
49:49 Bombard Tower
50:02 Architecture
51:39 Arrowslits
67:28 Ballistics
75:27 Caravan
75:57 Coinage
75:38 Guilds
78:26 Sappers
81:54 Banking
82:11 Supremacy
82:12 Conscription
86:08 Hussar
86:49 Husbandry
86:36 Halberdier
86:37 Man-at-Arms
87:03 Gambesons
87:18 Squires
101:29 Long Swordsman
102:46 Two-Handed Swordsman
103:50 Paladin
105:18 Heavy Plow
105:39 Bow Saw
111:27 Scale Barding Armor
111:22 Scale Mail Armor
111:22 Padded Archer Armor
111:13 Fletching
111:33 Forging
113:36 Chain Barding Armor
113:32 Chain Mail Armor
115:51 Atonement
124:00 Iron Casting
123:21 Bodkin Arrow
123:41 Leather Archer Armor
123:57 Plate Mail Armor
124:02 Plate Barding Armor
132:14 Champion
SAQUIMAN
7:27 Loom
9:50 Feudal Age
10:57 Double-Bit Axe
11:25 Town Watch
17:45 Wheelbarrow
17:06 Horse Collar
18:26 Arson
18:45 Scale Mail Armor
23:14 Castle Age
23:03 Forging
24:14 Hand Cart
24:21 Bow Saw
24:45 Pikeman
27:40 Town Patrol
28:44 Thumb Ring
31:20 Heavy Plow
37:52 Capped Ram
38:35 Squires
38:53 Chain Mail Armor
39:14 Iron Casting
38:41 Padded Archer Armor
38:32 Fletching
40:31 Ballistics
43:37 Imperial Age
40:33 Crossbowman
43:06 Elite Skirmisher
77:15 Leather Archer Armor
76:57 Bodkin Arrow
77:07 Scale Barding Armor
78:05 Blast Furnace
79:39 Elite Steppe Lancer
98:44 Ring Archer Armor
98:35 Chain Barding Armor
99:40 Crop Rotation
103:07 Two-Man Saw
111:18 Plate Barding Armor
111:13 Plate Mail Armor
122:00 Bloodlines
修临天下
0:59 Loom
1:14 Loom
11:49 Feudal Age
12:29 Double-Bit Axe
12:28 Horse Collar
15:44 Gold Mining
16:55 Stone Mining
19:56 Castle Age
20:57 Bow Saw
20:50 Heavy Plow
21:41 Gold Shaft Mining
21:09 Padded Archer Armor
21:00 Fletching
23:52 Wheelbarrow
25:04 Wheelbarrow
24:49 Pikeman
25:30 Squires
25:15 Arson
25:51 Leather Archer Armor
25:31 Bodkin Arrow
25:47 Forging
25:39 Scale Mail Armor
27:00 Caravan
27:19 Town Watch
28:13 Hand Cart
32:20 Imperial Age
32:19 Chain Mail Armor
32:40 Iron Casting
33:25 Bracer
33:55 Ring Archer Armor
34:29 Plate Mail Armor
35:13 Chemistry
36:03 Two-Man Saw
35:31 Ballistics
35:38 Ballistics
38:43 Blast Furnace
40:42 Blast Furnace
40:12 Yeomen
39:13 Elite Longbowman
41:25 Murder Holes
41:16 Arrowslits
40:55 Halberdier
42:21 Scale Barding Armor
44:51 Chain Barding Armor
46:30 Plate Barding Armor
45:19 Elite Skirmisher
58:29 Cavalier
59:09 Husbandry
74:26 Light Cavalry
125:21 Heavy Cavalry Archer
127:49 Warwolf
128:27 Conscription
127:58 Onager
金牌嘴炮选手
12:14 Feudal Age
18:16 Castle Age
16:19 Double-Bit Axe
16:30 Horse Collar
25:40 Caravan
28:54 Heavy Plow
29:07 Bow Saw
28:44 Loom
29:34 Wheelbarrow
32:31 Hand Cart
35:03 Imperial Age
33:33 Gold Mining
33:34 Stone Mining
35:21 Gold Shaft Mining
35:21 Stone Shaft Mining
35:07 Forging
34:57 Scale Mail Armor
35:04 Scale Barding Armor
36:13 Fortified Wall
36:25 Ballistics
37:06 Chemistry
36:02 Murder Holes
35:47 Treadmill Crane
37:22 Iron Casting
37:04 Chain Mail Armor
37:07 Logistica
37:20 Conscription
38:06 Conscription
37:31 Elite Cataphract
39:13 Pikeman
40:19 Chain Barding Armor
40:30 Plate Mail Armor
39:57 Halberdier
40:39 Squires
41:18 Arson
42:25 Plate Barding Armor
42:40 Husbandry
42:42 Elite Skirmisher
43:34 Thumb Ring
42:56 Heavy Camel Rider
43:47 Fletching
43:58 Padded Archer Armor
44:37 Hoardings
50:16 Bodkin Arrow
50:36 Leather Archer Armor
55:54 Arrowslits
85:55 Two-Man Saw
131:25 Bracer
131:56 Ring Archer Armor
133:35 Light Cavalry
Jan6thhero
20:30 Feudal Age
22:48 Wheelbarrow
23:34 Double-Bit Axe
31:40 Castle Age
40:37 Castle Age
44:48 Hand Cart
51:44 Scale Mail Armor
51:57 Forging
52:05 Bow Saw
67:59 Imperial Age
72:31 Guilds
72:26 Caravan
72:36 Loom
72:39 Town Watch
72:49 Fletching
73:15 Chain Mail Armor
73:36 Iron Casting
73:52 Elite Serjeant
79:02 Plate Mail Armor
78:32 Bodkin Arrow
82:52 Horse Collar
90:31 Blast Furnace
89:33 Bracer
93:46 Arrowslits
94:22 Ballistics
94:30 Murder Holes
94:48 Masonry
95:00 Ballistics
95:42 Chemistry
ALWJT
11:56 Feudal Age
16:53 Castle Age
14:47 Double-Bit Axe
16:52 Horse Collar
22:40 Loom
29:56 Murder Holes
30:46 Husbandry
31:13 Caravan
35:14 Imperial Age
32:38 Fletching
32:49 Padded Archer Armor
35:10 Ballistics
35:35 Gold Mining
36:33 Stone Mining
37:21 Conscription
38:17 Chemistry
37:42 Bodkin Arrow
38:03 Leather Archer Armor
38:46 Forging
38:37 Bracer
39:34 Elite Conquistador
43:30 Arrowslits
45:46 Ring Archer Armor
45:51 Iron Casting
45:22 Scale Barding Armor
52:00 Bombard Tower
57:12 Heavy Plow
58:45 Cavalier
60:25 Stone Shaft Mining
61:34 Fortified Wall
68:57 Blast Furnace
68:18 Chain Barding Armor
78:13 Masonry
78:42 Plate Barding Armor
78:08 Scale Mail Armor
107:51 Wheelbarrow
109:46 Chain Mail Armor
110:08 Bow Saw
111:22 Elite Skirmisher
Oatmeal_de_Greatest
1:05 Loom
12:25 Feudal Age
14:38 Horse Collar
22:49 Castle Age
20:59 Gold Mining
21:59 Double-Bit Axe
23:52 Heavy Plow
30:16 Imperial Age
29:28 Bow Saw
32:22 Conscription
33:15 Two-Man Saw
36:06 Gold Shaft Mining
36:11 Wheelbarrow
37:10 Forging
37:06 Scale Barding Armor
37:02 Scale Mail Armor
40:15 Hand Cart
42:36 Chemistry
42:39 Iron Casting
42:10 Squires
43:08 Thumb Ring
43:05 Arson
42:46 Pikeman
43:16 Town Watch
44:36 Ballistics
44:14 Murder Holes
45:27 Chain Barding Armor
45:14 Husbandry
46:04 Masonry
46:12 Bloodlines
47:08 Blast Furnace
46:25 Chain Mail Armor
46:27 Man-at-Arms
52:07 Shatagni
54:19 Plate Barding Armor
54:16 Elite Skirmisher
55:03 Siege Elephant
55:50 Elite Ghulam
57:07 Hoardings
57:12 Long Swordsman
57:57 Two-Handed Swordsman
59:14 Grand Trunk Road
61:33 Champion
76:35 Padded Archer Armor
77:49 Leather Archer Armor
77:24 Fletching
78:28 Light Cavalry
79:14 Hussar
80:42 Fortified Wall
85:00 Ring Archer Armor
84:26 Bodkin Arrow
90:39 Town Patrol
109:36 Heavy Camel Rider
evairdaniel
0:40 Loom
12:39 Feudal Age
13:07 Double-Bit Axe
13:08 Horse Collar
20:23 Castle Age
18:39 Stone Mining
20:01 Wheelbarrow
21:17 Heavy Plow
21:31 Bow Saw
23:35 Hand Cart
24:23 Gold Mining
25:51 Fortified Wall
26:35 Gold Shaft Mining
27:27 Murder Holes
27:54 Ballistics
34:17 Imperial Age
33:20 Masonry
33:01 Heated Shot
33:26 Forging
33:17 Scale Mail Armor
33:18 Padded Archer Armor
33:24 Scale Barding Armor
33:10 Fletching
35:14 Chain Mail Armor
34:47 Arson
35:03 Squires
34:24 Pikeman
36:17 Two-Man Saw
36:28 Leather Archer Armor
36:34 Chain Barding Armor
36:42 Bodkin Arrow
39:25 Husbandry
38:48 Heavy Hei Guang Cavalry
42:55 Plate Barding Armor
42:50 Plate Mail Armor
42:51 Ring Archer Armor
42:22 Bracer
44:25 Chemistry
43:57 Architecture
44:18 Conscription
44:00 Bolt Magazine
44:52 Halberdier
46:07 Caravan
48:49 Elite White Feather Guard
59:27 Hoardings
58:53 Coiled Serpent Array
61:21 Hoardings
62:47 Light Cavalry
63:48 Coiled Serpent Array
66:14 Coiled Serpent Array
70:40 Gambesons
70:19 Man-at-Arms
73:37 Elite Skirmisher
80:27 Onager
90:51 Long Swordsman
93:05 Two-Handed Swordsman
96:28 Champion
Connection lost

Rejoining the realm…

Still unreachable

The connection could not be restored.

Session expired

The server has moved on; the page needs a fresh start.